Map: Kairos Junction LE

Players

adam - Winner!

  • Race: Terran Terran
  • League: Platinum
  • Spawn Location: 11:00

Yocto

  • Race: Zerg Zerg
  • League: Platinum
  • Spawn Location: 5:00

VOD

Have the link to the VOD?

Description

Time

  • Played on: Dec. 21, 2018, 10:19 a.m.
  • Length: 7:40
Show
View Real Time Build Order
Export as new Build Order

adam Terran - Winner!

Build Orders: Command Center First (CC) 

Get SALT Encoding   

  12  0:17  SCV  
  13  0:28  Supply Depot  
  13  0:29  SCV  
  14  0:41  SCV  
  15  0:53  SCV  
  16  1:05  SCV  
  17  1:17  Refinery  
  17  1:18  SCV  
  18  1:27  Command Center  
  18  1:30  SCV  
  19  1:42  SCV  
  19  1:43  Refinery  
  21  1:54  SCV  
  21  2:06  SCV  
  21  2:07  Barracks  
  22  2:18  SCV, Supply Depot  
  23  2:22  Engineering Bay  
  23  2:39  SCV  
  23  2:43  SCV  
  26  2:54  Orbital Command  
  26  2:55  SCV  
  26  2:57  Marine  
  27  3:05  Factory  
  27  3:07  SCV  
  28  3:15  Marine  
  28  3:19  SCV  
  30  3:21  Refinery  
  30  3:24  SCV  
  31  3:31  SCV  
  31  3:33  Marine  
  33  3:36  SCV  
  34  3:44  Planetary Fortress  
  34  3:48  SCV  
  35  3:51  Marine  
  36  4:00  SCV  
  37  4:04  Starport  
  37  4:08  Marine  
  37  4:09  Starport  
  38  4:11  Starport  
  38  4:12  SCV  
  35  4:20  Supply Depot  
  32  4:24  SCV  
  32  4:26  Liberator  
  30  4:36  SCV  
  30  4:38  Marine  
  19  4:56  Marine  
  18  5:08  Liberator  
  13  5:16  Hellion  
  15  5:22  Supply Depot  
  18  5:32  Marine  
  18  5:37  Hellion  
  20  5:50  Marine  
  20  5:52  SCV  
  22  6:04  SCV  
  23  6:27  SCV  
  24  6:33  Factory Tech Lab  
  24  6:35  Marine  
  24  6:38  SCV  
  24  6:39  SCV  
  27  6:51  SCV  
  27  6:52  Marine  
  25  7:03  SCV  
  26  7:15  SCV  
  26  7:20  SCV  
  28  7:28  SCV  
  28  7:29  Fusion Core  
Show
View Real Time Build Order
Export as new Build Order

Yocto Zerg 

Build Orders: Pool First 

Get SALT Encoding   

  12  0:01  Drone  
  13  0:17  Overlord  
  13  0:18  Drone  
  14  0:37  Drone  
  14  0:38  Drone  
  14  0:40  Drone  
  17  1:08  Spawning Pool, Drone  
  17  1:10  Extractor  
  16  1:26  Drone x3  
  19  1:39  Overlord  
  19  1:52  Hatchery  
  19  1:53  Drone  
  19  1:58  Spine Crawler  
  18  2:05  Spine Crawler  
  17  2:11  Queen  
  19  2:17  Zergling x2  
  19  2:21  Zergling x2  
  21  2:28  Zergling x2  
  22  2:36  Zergling x2  
  22  2:37  Metabolic Boost  
  23  2:44  Zergling x2  
  24  2:53  Baneling Nest  
  24  2:55  Overlord  
  23  3:16  Zergling x2  
  23  3:17  Zergling x6  
  27  3:28  Zergling x8  
  31  3:37  Zergling x4  
  33  3:42  Baneling x3  
  33  3:43  Baneling x2  
  33  3:53  Zergling x2  
  33  3:54  Zergling x2  
  35  4:02  Overlord  
  26  4:49  Lair  
  26  4:54  Hatchery, Drone x3  
  26  4:55  Drone  
  27  5:06  Drone  
  28  5:07  Drone x2  
  29  5:18  Drone x3  
  32  5:41  Drone  
  32  5:45  Drone x5  
  35  6:03  Spire  
  34  6:04  Extractor  
  34  6:05  Drone x4  
  37  6:11  Queen  
  37  6:15  Extractor  
  38  6:27  Drone x5  
  43  6:33  Zergling x2  
  43  6:34  Zergling x4  
  46  6:55  Drone x2  
  46  6:56  Drone x7  
Tags
 
Add a new tag
Caveats
  • Supply blocks, unpowered buildings, or Contaminate may cause inaccurate times.
  • Supply counts are checked every 10 seconds.